 Dungeon Crawl Stone Soup version 0.22.1-1-ga44c0e5 (webtiles) character file.

5790 Fang the Cleaver (level 10, 0/57 HPs)
             Began as a Gargoyle Berserker on Sept 28, 2018.
             Was an Elder of Trog.
             Slain by a killer bee (2 damage)
             ... on level 9 of the Dungeon.
             The game lasted 00:15:54 (9889 turns).

Fang the Cleaver (Gargoyle Berserker)               Turns: 9889, Time: 00:15:54

Health: 0/57       AC: 12    Str: 24    XL:     10   Next: 79%
Magic:  10/10      EV: 14    Int:  8    God:    Trog [****..]
Gold:   284        SH:  0    Dex:  9    Spells: 9/9 levels left

rFire    . . .     SeeInvis .   a - +0 hand axe
rCold    . . .     Gourm    .   (no shield)
rNeg     + . .     Faith    .   r - +0 leather armour of Pandemonium {Regen+}
rPois    ∞         Spirit   .   (helmet restricted)
rElec    +         Reflect  .   (no cloak)
rCorr    .         Harm     .   (no gloves)
MR       .....                  (no boots)
Stlth    ++........             (no amulet)
HPRegen  0.59/turn              d - ring of ice
MPRegen  0.12/turn              n - ring of fire

@: no status effects
A: antennae 1, icy blue scales 1, frail 1, negative energy resistance 1, sense
surroundings 1, electricity resistance, unbreathing, evolution 1, petrification
resistance, rot immunity, AC +7
a: Berserk, Trog's Hand, Brothers in Arms, Renounce Religion


You were on level 9 of the Dungeon.
You worshipped Trog.
Trog was greatly pleased with you.
You were not hungry.

You visited 2 branches of the dungeon, and saw 10 of its levels.
You also visited: Sewer.

You collected 515 gold pieces.
You spent 231 gold pieces at shops.

Inventory:

Hand Weapons
 a - a +0 hand axe (weapon)
Armour
 b - a +1 animal skin
 m - a +4 ring mail of magic resistance
 r - the +0 leather armour of Pandemonium (worn) {Regen+}
   (You bought it in a shop on level 7 of the Dungeon)

   It increases your rate of regeneration.
Jewellery
 d - a ring of ice (left hand)
 n - a ring of fire (right hand)
Wands
 p - a wand of scattershot (4)
 q - a wand of polymorph (13)
Scrolls
 k - 2 scrolls of teleportation
 o - a scroll of remove curse
Potions
 e - a potion of brilliance
 f - 3 potions of heal wounds
 g - a potion of agility
 h - a potion of ambrosia
 l - 2 potions of might {unknown}
 s - a potion of flight
 t - a potion of degeneration {unknown}
 v - a potion of lignification
 x - a potion of haste {unknown}
Comestibles
 c - 7 rations


   Skills:
 + Level 8.3 Fighting
 + Level 10.4 Axes
 + Level 3.3 Armour
 + Level 6.7 Dodging
 + Level 4.6 Stealth


You had 9 spell levels left.
You didn't know any spells.
Your spell library was empty.

Dungeon Overview and Level Annotations

Branches:
Dungeon (9/15)             Temple (1/1) D:4
   Lair: D:8-11         Orc: D:9-12

Altars:
Cheibriados
Gozag
Hepliaklqana
Kikubaaqudgha
Makhleb
Nemelex Xobeh
Trog
Yredelemnul

Shops:
D:7 [


Innate Abilities, Weirdness & Mutations

You are resistant to torment.
Your stone body is resilient. (AC +7)
You are immune to poison.
You resist negative energy. (rN+)
You are resistant to electric shocks. (rElec)
You can survive without breathing.
You are immune to petrification.
You are immune to rotting.
You have a pair of small antennae on your head.
You are partially covered in icy blue scales. (AC +2)
You are frail. (-10% HP)
You passively map a small area around you.
You evolve.


Message History

You miss the killer bee.
The killer bee stings you but does no damage. x2
You closely miss the killer bee. The killer bee misses you.
You're still recovering from your berserk rage.
You miss the killer bee. You hit the two-headed ogre.
You recover from your berserk rage.
The killer bee stings you.
The killer bee stings you but does no damage.
You hit the two-headed ogre.
The two-headed ogre is lightly wounded.
You miss the killer bee. The killer bee misses you.
The two-headed ogre hits you with a dire flail!
The two-headed ogre hits you with a giant club!!
* * * LOW HITPOINT WARNING * * *
Unknown command.
You hit the two-headed ogre.
The two-headed ogre is lightly wounded.
You miss the killer bee. The killer bee barely misses you.
The killer bee stings you.
You die...

***,****** #..#**,*******
**,,,,,,,,* ###..#
*,******# *,,,,****,*
#....# *,,,,,,,. **,,***
**,*#####.#..# ********#
*,,,,,***,,,......#..# #
*,,,,,,,,,***##...#..# #
*,,,,,***,*
##.......######### #
*,,,,,* *,*
#....††..........# #
*,,,,,*
*,**##O@y)(.########.###
**,,*****,#.?.#..)#.#*****
#.##.
*,,***#..............,,,*
#.##.
*,,,,,...#...##..#####*,*
#.#."
**,***##,##.#*#..#*** *,*
#.#.. *,*****,,#.* #...,,*
*,* #.... *,,,,,,,,..*
#.###,* *,* ####.
*,******.##**#.#**,* *,*
#. *,* *,,,,,,,,,,,* *,*
#.


You could see a two-headed ogre and a killer bee.

Vanquished Creatures
  Harold (D:8)
  Pikel (D:7)
  Joseph (D:7)
  The ghost of Fang the Chopper, an amateur GrBe of Trog (D:4)
  2 hippogriffs
  A wyvern (D:8)
  A water moccasin (D:7)
  A sky beast (D:6)
  2 ice beasts
  An ogre (D:9)
  A phantom (D:5)
  3 centaurs
  A crocodile (Sewer)
  3 big kobolds
  3 bullfrogs
  A gnoll sergeant (D:6)
  6 scorpions
  9 killer bees (D:9)
  5 wights (D:9)
  A howler monkey (D:4)
  2 crimson imps
  A quasit (D:9)
  3 hounds
  A jelly (D:6)
  4 orc priests
  3 bullfrog skeletons
  A centaur skeleton (D:5)
  2 iguanas
  5 worker ants
  3 orc wizards
  A hound zombie (D:8)
  2 hound skeletons
  2 worker ant zombies
  13 adders
  8 gnolls
  A shadow imp (D:8)
  2 oozes (D:1)
  An adder skeleton (D:6)
  4 worms
  3 dart slugs
  7 leopard geckos
  19 orcs
  3 bats
  7 giant cockroaches
  3 goblins
  9 hobgoblins
  9 jackals
  5 quokkas
  2 ball pythons
  7 frilled lizards
  A jackal skeleton (D:4)
  22 kobolds
  A leopard gecko skeleton (D:8)
  A quokka zombie (D:6)
  8 rats
211 creatures vanquished.

Vanquished Creatures (collateral kills)
  A two-headed ogre (D:9)
  A hound (D:9)
2 creatures vanquished.

Vanquished Creatures (others)
  A slave (D:7)
1 creature vanquished.

Grand Total: 214 creatures vanquished

Notes
Turn   | Place    | Note
-------+----------+-------------------------------------------
     0 | D:1      | Fang the Gargoyle Berserker began the quest for the Orb.
     0 | D:1      | Reached XP level 1. HP: 14/14 MP: 1/1
    45 | D:1      | Reached skill level 3 in Axes
    45 | D:1      | Reached XP level 2. HP: 7/19 MP: 2/2
   529 | D:1      | Reached XP level 3. HP: 19/24 MP: 3/3
   777 | D:1      | You fall through a shaft!
  1506 | D:2      | Reached ** piety under Trog
  1629 | D:1      | Reached XP level 4. HP: 27/29 MP: 4/4
  2294 | D:3      | Found a glowing drain.
  2328 | Sewer    | Entered a sewer
  2501 | Sewer    | Noticed a crocodile
  2513 | Sewer    | Killed a crocodile
  2513 | Sewer    | Reached skill level 4 in Axes
  2513 | Sewer    | Reached skill level 1 in Stealth
  2513 | Sewer    | Reached XP level 5. HP: 26/33 MP: 5/5
  3256 | D:4      | Reached XP level 6. HP: 32/39 MP: 6/6
  3294 | D:4      | Noticed Fang's ghost (amateur GrBe)
  3304 | D:4      | Found a runed gate.
  3304 | D:4      | Found a runed gate.
  3322 | D:4      | Found a runed gate.
  3365 | D:4      | Reached *** piety under Trog
  3389 | D:4      | Reached skill level 5 in Axes
  3912 | D:4      | Found a staircase to the Ecumenical Temple.
  3981 | D:4      | Reached XP level 7. HP: 28/44 MP: 7/7
  4124 | Temple   | Entered the Ecumenical Temple
  4240 | D:4      | Found a snail-covered altar of Cheibriados.
  4241 | D:4      | Found an opulent altar of Gozag.
  4364 | D:5      | Entered Level 5 of the Dungeon
  4647 | D:5      | HP: 1/44 [ice beast (14)]
  4656 | D:4      | Reached skill level 5 in Fighting
  4656 | D:4      | Reached skill level 6 in Axes
  5006 | D:4      | Killed Fang's ghost
  5006 | D:4      | Reached XP level 8. HP: 49/49 MP: 8/8
  5616 | D:6      | Reached skill level 7 in Axes
  5738 | D:6      | Found a burning altar of Makhleb.
  5743 | D:6      | Found an ancient bone altar of Kikubaaqudgha.
  6446 | D:6      | Gained mutation: You passively map a small area around you.
                  | [potion of mutation]
  6446 | D:6      | Gained mutation: You evolve. [potion of mutation]
  6700 | D:6      | Found a sparkling altar of Nemelex Xobeh.
  6802 | D:6      | Gained mutation: You are partially covered in icy blue
                  | scales. (AC +2) [evolution]
  7191 | D:7      | Reached XP level 9. HP: 52/55 MP: 9/9
  7200 | D:7      | Reached **** piety under Trog
  7206 | D:7      | Reached skill level 8 in Axes
  7686 | D:7      | Found a hazy altar of Hepliaklqana.
  7912 | D:7      | Noticed Pikel
  7924 | D:7      | Killed Pikel
  7924 | D:7      | Reached skill level 5 in Dodging
  7978 | D:7      | Noticed Joseph
  7998 | D:7      | Killed Joseph
  7998 | D:7      | Reached skill level 9 in Axes
  7999 | D:7      | Found Aprehin's Antique Armour Shop.
  8030 | D:7      | Gained mutation: You are frail. (-10% HP) [evolution]
  8146 | D:7      | Bought a jewelled leather armour for 231 gold pieces
  8156 | D:7      | Identified the cursed +0 leather armour of Pandemonium
                  | {Regen+} (You bought it in a shop on level 7 of the
                  | Dungeon)
  8560 | D:8      | Found a basalt altar of Yredelemnul.
  8864 | D:8      | Reached XP level 10. HP: 56/56 MP: 10/10
  9047 | D:8      | Noticed Harold
  9069 | D:8      | Killed Harold
  9594 | D:9      | Reached skill level 10 in Axes
  9736 | D:9      | Gained mutation: You have a pair of small antennae on your
                  | head. [evolution]
  9831 | D:9      | Reached ***** piety under Trog
  9843 | D:9      | Received a gift from Trog
  9847 | D:9      | Noticed a two-headed ogre
  9848 | D:9      | Noticed a two-headed ogre
  9857 | D:9      | Killed a two-headed ogre
  9888 | D:9      | HP: 2/57 [two-headed ogre/dire flail (18)]
  9889 | D:9      | Slain by a killer bee

Skill      XL: |  1  2  3  4  5  6  7  8  9 10 |
---------------+-------------------------------+-----
Axes           | 3 4 5 6 7 9 10 | 10.4
Dodging        | 2 3 4 5 6 |  6.7
Fighting       | 4 5 6 7 8 |  8.3
Stealth        | 1 2 3 4 |  4.6
Armour         | 3 |  3.3

Action                   |  1- 3 |  4- 6 |  7- 9 | 10-12 || total
-------------------------+-------+-------+-------+-------++-------
Melee: Hand axe          |   112 |   222 |   471 |   202 ||  1007
Invok: Berserk           |     2 |     4 |     8 |     4 ||    18
       Brothers in Arms  |       |       |       |     2 ||     2
  Use: Potion            |       |       |     2 |       ||     2
       Scroll            |       |       |    15 |     4 ||    19
 Stab: Sleeping          |     2 |       |     5 |       ||     7
       Distracted        |       |       |       |     1 ||     1
  Eat: Chunk             |     4 |    11 |    10 |     8 ||    33
       Ration            |       |       |     4 |       ||     4
Armor: Animal skin       |    27 |   104 |   150 |       ||   281
       Leather armour    |       |       |    22 |   108 ||   130
       Ring mail         |       |       |     4 |       ||     4
Dodge: Dodged            |    78 |   148 |   259 |   215 ||   700
